[ PARTIDA AOE2 · #477978464 ]
1v1 RMEspañoles vs Britons
Equipo del jugador · DERR
Equipo rival · VICT
[ ANÁLISIS DE REPETICIÓN · EXTRAÍDO DE LA PARTIDA GRABADA ]
Feudal
10:09
Castillos
21:43
Imperial
39:52
| APM promedio | 36.9 |
| APM pico | 74 |
| eAPM promedio | 17.1 |
| Aldeanos / militares | 124 / 136 |
Foco
⚔️ 29.7% · 🌾 70.3%
Skirmisher ×106 · Conquistador ×19 · Scout Cavalry ×4 · Trebuchet (Packed) ×4 · Mangonel ×3
Feudal
9:25
Castillos
25:12
Imperial
42:22
| APM promedio | 56.8 |
| APM pico | 94 |
| eAPM promedio | 19.6 |
| Aldeanos / militares | 132 / 166 |
Foco
⚔️ 35.8% · 🌾 64.2%
Archer ×98 · Scout Cavalry ×52 · Spearman ×5 · Knight ×5 · Trebuchet (Packed) ×5 · Longbowman ×1
Mapa de la partida
Recursos iniciales + cada clic de construcción. Líneas = muros · curvas = relieve. ◆ oro · ⬟ piedra · ● bayas · ✦ reliquia · ◌ hueco del cierre
Tu base· Abierta — flanco sin cerrar
Base de Tolkien· ✓ Cerrada en 25:12 · 29t muro · 1 puerta(s)
Terreno inicial suavizado · ◌ = hueco del cierre detectado · pasá el cursor para detalles
Inputs por minuto
— nevo99 - - Tolkien
Build order — nevo99
Primeras 150 de 377 acciones detectadas
| 0:01 | Crear | Villager (Male) |
| 0:02 | Crear | Villager (Male) |
| 0:03 | Construir | House |
| 0:04 | Construir | House |
| 0:16 | Crear | Villager (Male) |
| 0:23 | Crear | Villager (Male) |
| 1:24 | Crear | Villager (Male) |
| 1:47 | Construir | Lumber Camp |
| 2:01 | Crear | Villager (Male) |
| 2:19 | Crear | Villager (Male) |
| 2:51 | Crear | Villager (Male) |
| 3:06 | Crear | Villager (Male) |
| 3:47 | Crear | Villager (Male) |
| 3:54 | Construir | House |
| 3:54 | Crear | Villager (Male) |
| 4:21 | Construir | Mill |
| 4:25 | Construir | House |
| 5:04 | Crear | Villager (Male) |
| 5:12 | Crear | Villager (Male) |
| 5:28 | Crear | Villager (Male) |
| 6:06 | Crear | Villager (Male) |
| 6:20 | Crear | Villager (Male) |
| 6:33 | Crear | Villager (Male) |
| 6:33 | Crear | Villager (Male) |
| 6:46 | Crear | Villager (Male) |
| 7:07 | Investigar | Loom |
| 7:48 | Investigar | Feudal Age |
| 8:29 | Construir | Barracks |
| 8:34 | Construir | House |
| 8:56 | Construir | Farm |
| 9:25 | Construir | Farm |
| 10:09 | Edad | Edad Feudal |
| 10:10 | Construir | Stable |
| 10:26 | Crear | Villager (Male) |
| 10:31 | Investigar | Double-Bit Axe |
| 10:38 | Construir | Farm |
| 10:39 | Construir | Farm |
| 10:42 | Crear | Villager (Male) |
| 10:52 | Crear | Scout Cavalry |
| 10:53 | Crear | Scout Cavalry |
| 11:07 | Crear | Villager (Male) |
| 11:11 | Construir | House |
| 11:16 | Construir | Palisade Wall |
| 11:20 | Crear | Villager (Male) |
| 11:29 | Construir | Farm |
| 11:31 | Construir | Farm |
| 11:39 | Construir | Farm |
| 11:40 | Construir | Farm |
| 11:41 | Crear | Villager (Male) |
| 11:58 | Crear | Scout Cavalry |
| 12:08 | Construir | Farm |
| 12:09 | Crear | Villager (Male) |
| 12:21 | Crear | Villager (Male) |
| 12:25 | Construir | Blacksmith |
| 12:27 | Construir | Palisade Wall |
| 12:51 | Construir | Farm |
| 12:52 | Crear | Villager (Male) |
| 13:03 | Crear | Villager (Male) |
| 13:05 | Construir | Farm |
| 13:17 | Crear | Scout Cavalry |
| 13:18 | Crear | Villager (Male) |
| 13:44 | Construir | Archery Range |
| 14:03 | Crear | Villager (Male) |
| 14:07 | Construir | Farm |
| 14:08 | Construir | Farm |
| 14:08 | Crear | Villager (Male) |
| 14:27 | Crear | Villager (Male) |
| 14:29 | Construir | Farm |
| 14:30 | Crear | Villager (Male) |
| 14:35 | Crear | Skirmisher |
| 14:35 | Crear | Skirmisher |
| 14:35 | Crear | Skirmisher |
| 14:38 | Construir | House |
| 15:04 | Crear | Villager (Male) |
| 15:08 | Construir | House |
| 15:10 | Construir | House |
| 15:29 | Crear | Skirmisher |
| 15:41 | Crear | Villager (Male) |
| 15:41 | Crear | Villager (Male) |
| 15:51 | Construir | Mining Camp |
| 16:04 | Construir | House |
| 16:05 | Construir | Palisade Wall |
| 16:13 | Construir | Palisade Wall |
| 16:36 | Crear | Villager (Male) |
| 16:42 | Crear | Villager (Male) |
| 16:52 | Crear | Skirmisher |
| 16:52 | Crear | Skirmisher |
| 17:49 | Crear | Skirmisher |
| 18:00 | Crear | Skirmisher |
| 18:38 | Crear | Villager (Male) |
| 19:03 | Investigar | Castle Age |
| 19:57 | Construir | Mining Camp |
| 20:56 | Crear | Skirmisher |
| 20:57 | Crear | Skirmisher |
| 20:58 | Investigar | Padded Archer Armor |
| 21:01 | Investigar | Bloodlines |
| 21:01 | Crear | Villager (Male) |
| 21:33 | Crear | Skirmisher |
| 21:33 | Crear | Skirmisher |
| 21:43 | Edad | Edad de los Castillos |
| 21:51 | Crear | Villager (Male) |
| 21:51 | Crear | Villager (Male) |
| 22:05 | Construir | Town Center |
| 22:32 | Construir | Town Center |
| 22:50 | Construir | House |
| 22:53 | Construir | House |
| 23:13 | Crear | Villager (Male) |
| 23:13 | Crear | Villager (Male) |
| 23:13 | Crear | Villager (Male) |
| 23:14 | Crear | Villager (Male) |
| 23:14 | Crear | Villager (Male) |
| 23:24 | Construir | House |
| 23:29 | Investigar | Fletching |
| 23:37 | Construir | House |
| 23:43 | Crear | Skirmisher |
| 23:44 | Crear | Skirmisher |
| 23:58 | Crear | Villager (Male) |
| 23:59 | Crear | Villager (Male) |
| 23:59 | Crear | Villager (Male) |
| 23:59 | Crear | Villager (Male) |
| 24:01 | Construir | Farm |
| 24:02 | Crear | Villager (Male) |
| 24:02 | Crear | Villager (Male) |
| 24:03 | Crear | Villager (Male) |
| 24:10 | Investigar | Leather Archer Armor |
| 24:28 | Crear | Villager (Male) |
| 24:28 | Crear | Villager (Male) |
| 24:28 | Crear | Villager (Male) |
| 24:29 | Crear | Villager (Male) |
| 24:46 | Crear | Villager (Male) |
| 25:02 | Crear | Villager (Male) |
| 25:24 | Construir | Farm |
| 25:26 | Construir | Farm |
| 25:26 | Construir | Farm |
| 25:26 | Construir | Farm |
| 25:34 | Crear | Villager (Male) |
| 25:35 | Crear | Villager (Male) |
| 25:38 | Construir | Farm |
| 25:38 | Construir | Farm |
| 25:46 | Investigar | Horse Collar |
| 25:56 | Crear | Skirmisher |
| 25:56 | Crear | Skirmisher |
| 26:18 | Construir | Castle |
| 26:34 | Crear | Villager (Male) |
| 26:34 | Crear | Villager (Male) |
| 26:40 | Crear | Villager (Male) |
| 26:41 | Crear | Villager (Male) |
| 26:49 | Construir | Farm |
| 26:50 | Construir | Farm |
| 26:50 | Construir | Farm |
Build order — Tolkien
Primeras 150 de 451 acciones detectadas
| 0:00 | Crear | Villager (Male) |
| 0:01 | Construir | House |
| 0:03 | Construir | House |
| 0:08 | Crear | Villager (Male) |
| 0:14 | Crear | Villager (Male) |
| 0:15 | Crear | Villager (Male) |
| 1:16 | Crear | Villager (Male) |
| 1:44 | Crear | Villager (Male) |
| 2:00 | Crear | Villager (Male) |
| 2:09 | Construir | Lumber Camp |
| 2:25 | Crear | Villager (Male) |
| 2:26 | Crear | Villager (Male) |
| 2:40 | Crear | Villager (Male) |
| 3:16 | Crear | Villager (Male) |
| 3:17 | Crear | Villager (Male) |
| 3:53 | Construir | House |
| 4:30 | Crear | Villager (Male) |
| 4:33 | Construir | House |
| 4:35 | Crear | Villager (Male) |
| 4:37 | Crear | Villager (Male) |
| 4:56 | Construir | Palisade Wall |
| 4:57 | Crear | Villager (Male) |
| 5:15 | Construir | Mill |
| 5:16 | Crear | Villager (Male) |
| 6:36 | Investigar | Loom |
| 6:41 | Construir | Mill |
| 7:15 | Investigar | Feudal Age |
| 7:47 | Construir | Mining Camp |
| 8:29 | Construir | Barracks |
| 8:33 | Construir | House |
| 9:02 | Crear | Villager (Male) |
| 9:10 | Crear | Villager (Male) |
| 9:25 | Edad | Edad Feudal |
| 9:28 | Construir | Archery Range |
| 9:47 | Crear | Villager (Male) |
| 9:52 | Crear | Villager (Male) |
| 9:58 | Crear | Spearman |
| 10:24 | Crear | Villager (Male) |
| 10:28 | Crear | Villager (Male) |
| 10:30 | Crear | Archer |
| 10:31 | Crear | Archer |
| 10:31 | Crear | Archer |
| 10:41 | Crear | Spearman |
| 10:56 | Construir | Farm |
| 10:59 | Construir | Farm |
| 11:01 | Construir | House |
| 11:03 | Construir | Palisade Wall |
| 11:04 | Crear | Villager (Male) |
| 11:09 | Construir | Palisade Wall |
| 11:15 | Crear | Archer |
| 11:15 | Crear | Villager (Male) |
| 11:22 | Construir | Blacksmith |
| 11:35 | Construir | House |
| 11:36 | Construir | Palisade Wall |
| 11:36 | Crear | Villager (Male) |
| 11:38 | Construir | House |
| 11:50 | Investigar | Double-Bit Axe |
| 11:56 | Crear | Villager (Male) |
| 12:21 | Construir | Farm |
| 12:25 | Construir | Palisade Wall |
| 12:27 | Crear | Archer |
| 12:48 | Crear | Villager (Male) |
| 12:51 | Construir | Farm |
| 12:53 | Construir | Farm |
| 13:04 | Crear | Archer |
| 13:19 | Construir | Palisade Wall |
| 13:27 | Construir | Palisade Wall |
| 13:46 | Crear | Villager (Male) |
| 13:49 | Crear | Archer |
| 13:53 | Crear | Spearman |
| 14:06 | Crear | Archer |
| 14:07 | Crear | Spearman |
| 14:12 | Construir | Palisade Wall |
| 14:14 | Construir | Palisade Wall |
| 14:14 | Crear | Villager (Male) |
| 14:20 | Construir | Farm |
| 14:22 | Construir | Farm |
| 14:25 | Crear | Archer |
| 14:29 | Crear | Villager (Male) |
| 14:39 | Crear | Archer |
| 14:50 | Crear | Archer |
| 14:53 | Crear | Villager (Male) |
| 15:00 | Construir | House |
| 15:02 | Construir | Lumber Camp |
| 15:02 | Crear | Villager (Male) |
| 15:07 | Construir | Farm |
| 15:15 | Investigar | Fletching |
| 15:15 | Investigar | Fletching |
| 15:15 | Crear | Villager (Male) |
| 15:23 | Construir | Palisade Gate |
| 15:31 | Crear | Villager (Male) |
| 15:32 | Construir | Mill |
| 15:34 | Construir | Farm |
| 15:36 | Crear | Archer |
| 15:53 | Crear | Villager (Male) |
| 15:55 | Construir | Farm |
| 15:55 | Crear | Villager (Male) |
| 16:00 | Construir | Farm |
| 16:18 | Crear | Archer |
| 16:25 | Construir | Farm |
| 16:41 | Construir | House |
| 16:45 | Construir | House |
| 16:47 | Crear | Villager (Male) |
| 16:52 | Investigar | Town Watch |
| 16:55 | Construir | Farm |
| 16:56 | Crear | Villager (Male) |
| 17:10 | Construir | House |
| 17:18 | Crear | Spearman |
| 17:35 | Crear | Villager (Male) |
| 17:39 | Crear | Archer |
| 17:39 | Crear | Archer |
| 17:39 | Crear | Villager (Male) |
| 17:49 | Crear | Villager (Male) |
| 18:01 | Crear | Archer |
| 18:02 | Crear | Archer |
| 18:07 | Construir | Lumber Camp |
| 18:09 | Crear | Villager (Male) |
| 18:12 | Crear | Archer |
| 18:12 | Crear | Archer |
| 18:29 | Investigar | Padded Archer Armor |
| 18:30 | Investigar | Padded Archer Armor |
| 19:01 | Crear | Villager (Male) |
| 19:03 | Crear | Archer |
| 19:03 | Crear | Archer |
| 19:03 | Crear | Villager (Male) |
| 19:53 | Crear | Villager (Male) |
| 19:55 | Crear | Archer |
| 20:07 | Crear | Villager (Male) |
| 20:10 | Crear | Archer |
| 20:11 | Crear | Archer |
| 20:15 | Crear | Villager (Male) |
| 20:29 | Construir | Mining Camp |
| 20:30 | Construir | Archery Range |
| 20:35 | Crear | Archer |
| 20:59 | Crear | Villager (Male) |
| 21:00 | Crear | Archer |
| 21:00 | Crear | Archer |
| 21:00 | Crear | Villager (Male) |
| 21:11 | Crear | Archer |
| 21:12 | Crear | Archer |
| 21:12 | Crear | Archer |
| 21:14 | Construir | Farm |
| 21:14 | Crear | Villager (Male) |
| 21:30 | Construir | Farm |
| 21:39 | Construir | Farm |
| 21:51 | Crear | Archer |
| 21:57 | Construir | House |
| 22:28 | Construir | Farm |
| 22:28 | Crear | Villager (Male) |
| 22:32 | Investigar | Castle Age |
Cronología de la partida
| 4:56 | Tolkien · wall_segment Palisade Wall x4 |
| 8:29 | Tolkien · first_building Barracks |
| 8:29 | nevo99 · first_building Barracks |
| 9:25 | Tolkien · age_up feudal |
| 9:28 | Tolkien · first_building Archery Range |
| 10:09 | nevo99 · age_up feudal |
| 10:10 | nevo99 · first_building Stable |
| 11:03 | Tolkien · wall_segment Palisade Wall x7 |
| 11:09 | Tolkien · wall_segment Palisade Wall x5 |
| 11:16 | nevo99 · wall_segment Palisade Wall x4 |
| 11:36 | Tolkien · wall_segment Palisade Wall x1 |
| 12:25 | Tolkien · wall_segment Palisade Wall x7 |
| 12:27 | nevo99 · wall_segment Palisade Wall x13 |
| 13:19 | Tolkien · wall_segment Palisade Wall x1 |
| 13:27 | Tolkien · wall_segment Palisade Wall x1 |
| 13:44 | nevo99 · first_building Archery Range |
| 14:12 | Tolkien · wall_segment Palisade Wall x1 |
| 14:14 | Tolkien · wall_segment Palisade Wall x1 |
| 16:05 | nevo99 · wall_segment Palisade Wall x1 |
| 16:13 | nevo99 · wall_segment Palisade Wall x7 |
| 21:43 | nevo99 · age_up castle |
| 24:13 | Tolkien · wall_segment Palisade Wall x1 |
| 25:12 | Tolkien · age_up castle |
| 25:14 | Tolkien · wall_segment Palisade Wall x1 |
| 25:52 | Tolkien · wall_segment Palisade Wall x1 |
| 26:18 | nevo99 · first_building Castle |
| 27:01 | Tolkien · wall_segment Palisade Wall x1 |
| 27:57 | nevo99 · first_building Siege Workshop |
| 29:46 | Tolkien · first_building Stable |
| 30:53 | nevo99 · wall_segment Stone Wall x3 |
| 33:51 | Tolkien · first_building Castle |
| 33:53 | nevo99 · first_market_sell 100 wood |
| 33:56 | nevo99 · first_market_buy 100 food |
| 38:38 | Tolkien · first_market_sell 100 wood |
| 38:39 | Tolkien · first_market_buy 100 food |
| 39:27 | Tolkien · wall_segment Palisade Wall x1 |
| 39:48 | nevo99 · first_building Monastery |
| 39:52 | nevo99 · age_up imperial |
| 42:22 | Tolkien · age_up imperial |
| 48:40 | nevo99 · resign |
[ ANÁLISIS IA · 1 CRÉDITO ]
¿Qué pasó realmente en esta partida?
Wolo.gg analiza cada decisión: build order, eco, micro, errores típicos por bracket. Análisis personalizado por WhatsApp o Discord en 30 segundos.
Guía civ
Españoles
Guía mapa
Arabia
Perfil
Jugador #738494